 Dungeon Crawl Stone Soup version 0.17.1-1-g73c8601 (webtiles) character file.

55 Metrazal the Sneak (level 3, 18/18 HPs)
             Began as a Spriggan Assassin on Jan 9, 2016.
             Quit the game on level 2 of the Dungeon.
             The game lasted 00:39:57 (2260 turns).

Metrazal the Sneak (Spriggan Assassin)              Turns: 2260, Time: 00:39:57

Health: 18/18      AC:  3    Str:  3 (7)  XL:     3   Next: 67%
Magic:  5/5        EV: 20    Int: 14      God:
Gold:   53         SH:  0    Dex: 18      Spells: 0 memorised, 3 levels left

rFire  . . .     SeeInvis +     r - +0 hunting sling
rCold  . . .     Clarity  .     c - +0 robe
rNeg   . . .     SustAt   .     (shield restricted)
rPois  .         Gourm    .     (helmet restricted)
rElec  .         Spirit   .     d - +0 cloak
rCorr  .         Warding  .     (gloves unavailable)
rMut   .         Stasis   .     (boots unavailable)
MR     .....                    (no amulet)
Stlth  ++++......               (no ring)
                                (no ring)

@: very quick, not resistant to hostile enchantments, stealthy
A: unfitting armour, see invisible, clever 1, herbivore 3, speed 3, slow
metabolism 2
a: no special abilities


You were on level 2 of the Dungeon.
You were not hungry.

You visited 1 branch of the dungeon, and saw 3 of its levels.

You collected 53 gold pieces.

Inventory:

Hand Weapons
 a - a +2 dagger
 b - a +0 blowgun
 r - a +0 hunting sling (weapon)
Missiles
 e - 7 poisoned needles
 f - 2 curare-tipped needles
 i - 113 stones (quivered)
Armour
 c - a +0 robe (worn)
 d - a +0 cloak (worn)
 s - a +2 cloak
Jewellery
 p - a cursed ring of protection from fire {unknown}
Scrolls
 h - a scroll of teleportation
Potions
 k - a potion of degeneration
 A - a potion of ambrosia {unknown}
 B - 2 potions of lignification {unknown}
Comestibles
 g - a bread ration
 n - a royal jelly
 x - 4 fruits


   Skills:
 - Level 1.5 Fighting
 - Level 2.1 Short Blades
 - Level 1.2(2.0) Slings
 - Level 2.0(2.1) Throwing
 * Level 4.8 Dodging
 - Level 5.8 Stealth
 * Level 0.8 Spellcasting


You had 3 spell levels left.
You didn't know any spells.

Dungeon Overview and Level Annotations

Branches:
Dungeon (3/15)

Altars:
Dithmenos


Innate Abilities, Weirdness & Mutations

You are tiny and cannot use many weapons and most armour.
You have supernaturally acute eyesight.
You are a herbivore.
You cover ground extremely quickly.
You need consume almost no food.
Your mind is acute. (Int +2)


Message History

You kill the goblin!
i - 112 stones (gained 1)
Things that are here:
a dagger; a goblin corpse
i - 113 stones (gained 1)
You start resting.
Magic restored.
You start resting.
Your extra speed is starting to run out.
You start resting.
You feel yourself slow down.
You start resting.
You feel a little less mighty now.
You start resting.
Your magical contamination has completely faded away.
You start resting.
HP restored.
Drink which item? (? for menu, Esc to quit)
Okay, then.
Are you sure you want to abandon this character and quit the game? (Confirm with "yes".)

###.#.#.#...........#.##...#.
#............................
#.##.#.#.##...............##.
#.###....##..................
#......#.##.#.......#.##..##.
#..##.##.##.........#.##.....
#.)##........................
##..##....##....#....#.###.##.
#............@..............#.
#.............................
#...............>......###..#.
###.###.......#.#..#<#.###..#.
#.# #...##..................
#.# #...##..#.#......###..#.
#.# #..............#.###..#.
#.###.####..#.#....<......#.
#.....# #..#.#..###........


There were no monsters in sight!

Vanquished Creatures
  An adder (D:2)
  A worm (D:2)
  A giant gecko (D:1)
  3 bats
  7 goblins
  6 hobgoblins
  4 kobolds (D:1)
  4 giant newts
  8 jackals (D:1)
  4 rats
39 creatures vanquished.

Notes
Turn   | Place    | Note
--------------------------------------------------------------
     0 | D:1      | Metrazal the Spriggan Assassin began the quest for the Orb.
     0 | D:1      | Reached XP level 1. HP: 10/10 MP: 2/2
   235 | D:1      | Reached XP level 2. HP: 12/14 MP: 3/3
   820 | D:1      | Reached XP level 3. HP: 18/18 MP: 4/4
   911 | D:1      | Reached skill level 1 in Slings
  1120 | D:2      | Found a shadowy altar of Dithmenos.
  2098 | D:2      | Gained mutation: Your mind is acute. (Int +2) [potion of beneficial mutation]
  2260 | D:2      | Quit the game

Action                   || total
-------------------------++-------
Melee: Dagger            ||     2
 Fire: Blowgun           ||    14
       Hunting sling     ||   107
Throw: Stone             ||     1
  Use: Scroll            ||     7
       Potion            ||     6
 Stab: Distracted        ||     1
       Sleeping          ||     4
